 Dungeon Crawl Stone Soup version 0.28.0-53-g5a82cb258f (webtiles) character file.

Game seed: 16572392388958901486

407 Alfie the Covered (level 6, -4/51 (53) HPs)
             Began as a Hill Orc Fighter on May 23, 2022.
             Slain by a wight
             ... wielding a +3 battleaxe
              (14 damage)
             ... on level 4 of the Dungeon.
             The game lasted 00:06:40 (4105 turns).

Alfie the Covered (Hill Orc Fighter)                Turns: 4105, Time: 00:06:40

HP:   -4/51 (53)    AC:  9    Str: 21    XL:     6   Next: 88%
MP:   6/6           EV: 10    Int:  8    God:
Gold: 102           SH:  5    Dex: 10    Spells: 5/5 levels left

rFire   . . .      SeeInvis .   a - +0 long sword
rCold   . . .      Faith    .   c - +1 buckler
rNeg    . . .      Spirit   .   b - +1 scale mail
rPois   .          Reflect  .   (no helmet)
rElec   .          Harm     .   f - +0 cloak
rCorr   .          Rampage  .   (no gloves)
Will    .....                   (no boots)
Stlth   ..........              (no amulet)
HPRegen 0.17/turn               (no ring)
MPRegen 0.10/turn               (no ring)

@: lightly drained
A: no striking features
a: no special abilities


You were on level 4 of the Dungeon.
You visited 1 branch of the dungeon, and saw 4 of its levels.

You collected 102 gold pieces.

Inventory:

Hand Weapons
 a - a +0 long sword (weapon)
Armour
 b - a +1 scale mail (worn)
 c - a +1 buckler (worn)
 f - a +0 cloak (worn)
Jewellery
 e - a ring of fire
 g - a ring of positive energy
Potions
 d - a potion of attraction {unknown}


   Skills:
 + Level 4.7 Fighting
 + Level 4.5 Long Blades
 + Level 5.1 Armour
 + Level 1.8 Dodging
 + Level 0.2 Stealth
 + Level 4.2 Shields


You had 5 spell levels left.
You didn't know any spells.
Your spell library contained the following spells:

 Spells                   Type           Power      Damage    Failure   Level
 Fulminant Prism          Conj/Hex       0%         3d6       100%        4
 Iskenderun's Mystic Bla  Conj/Tloc      0%         2d3       100%        4
 Lee's Rapid Deconstruct  Erth           0%         3d5*      100%        5


Dungeon Overview and Level Annotations

Branches:
Dungeon (4/15)
 Temple: D:4-7

Altars:
Trog


Message History

You barely miss the wight.
The wight is heavily damaged.
The wight hits you with a +0 halberd. The wight hits you but does no damage.
You slash the wight!
You destroy the wight!
Your life force feels restored.
Your Armour skill increases to level 5!
You hit the wight but do no damage. The wight closely misses you.
You slash the wight!
The wight is heavily damaged.
The wight hits you with a +3 great sword.
You feel drained. The wight barely misses you.
You slash the wight!
You destroy the wight!
Your life force feels restored.
You closely miss the wight. The wight barely misses you.
You hit the wight.
The wight is moderately damaged.
The wight hits you with a +3 battleaxe!
You feel drained.
You barely miss the wight.
The wight is moderately damaged.
You block the wight's attack. The wight hits you with a +3 battleaxe!
* * * LOW HITPOINT WARNING * * *
You closely miss the wight.
The wight is moderately damaged.
You block the wight's attack.
You barely miss the wight.
The wight is moderately damaged.
The wight barely misses you.
You slash the wight!
The wight is almost destroyed.
The wight closely misses you.
You barely miss the wight.
The wight is almost destroyed.
The wight closely misses you.
Unknown command.
You hit the wight.
The wight is almost destroyed.
The wight closely misses you. The wight hits you with a +3 battleaxe!
You die...

#####
##.########.#
#...###...#
#.#
#.#.......#
#..
#...###...#
### ##.##
##### #.# #.#
#.# #@# #z#
#z# #.# .(.
... <.. ..###


You could see 2 wights.

Vanquished Creatures
  A water moccasin zombie (D:3)
  2 wights (D:4)
  Jessica (D:3)
  Natasha (thrice) (D:3)
  Terence (D:2)
  2 hound skeletons (D:4)
  3 gnolls (D:3)
  4 adders
  2 endoplasms (D:1)
  6 giant cockroaches
  5 goblins
  2 hobgoblins
  9 kobolds
  5 quokkas
  4 ball pythons
  5 bats
  2 frilled lizards
  7 rats
64 creatures vanquished.

Notes
Turn   | Place    | Note
-------+----------+-------------------------------------------
     0 | D:1      | Alfie the Hill Orc Fighter began the quest for the Orb.
     0 | D:1      | Reached XP level 1. HP: 19/19 MP: 1/1
   340 | D:1      | Reached XP level 2. HP: 27/27 MP: 2/2
  1203 | D:2      | Reached XP level 3. HP: 33/33 MP: 3/3
  1341 | D:2      | Found a bloodstained altar of Trog.
  1623 | D:2      | Found a faded altar of an unknown god.
  1696 | D:2      | Noticed Terence
  1706 | D:2      | Killed Terence
  1707 | D:2      | Reached skill level 4 in Armour
  1707 | D:2      | Reached XP level 4. HP: 21/40 MP: 4/4
  2510 | D:3      | Reached XP level 5. HP: 25/46 MP: 5/5
  2806 | D:3      | Noticed Jessica
  2808 | D:3      | Noticed Natasha
  2815 | D:3      | Killed Natasha
  2816 | D:3      | Reached skill level 1 in Dodging
  2824 | D:3      | Killed Jessica
  3163 | D:3      | Noticed Natasha
  3195 | D:3      | HP: 1/47 [something (2)]
  3249 | D:3      | Reached XP level 6. HP: 8/53 MP: 6/6
  3591 | D:3      | Killed Natasha
  3810 | D:3      | Noticed Natasha
  3819 | D:3      | Killed Natasha
  4095 | D:4      | Reached skill level 5 in Armour
  4105 | D:4      | Slain by a wight

Illustrated notes

Levels and vault maps discovered:
D:1:      sevenhm_arrival_forest_fort_small_6, layout_basic,
          minmay_misc_feat_pillars, glass_columns_a, hangedman_decor_push
D:2:      layout_basic, shapermc_ecumenical_altar_mp_vishouse, basic_altar,
          uniq_terence
D:3:      layout_loops_ring, uniq_jessica, uniq_natasha
D:4:      layout_loops_ring, gammafunk_ghost_gnarly_gnolls, item_on_display_a

Skill      XL: |  1  2  3  4  5  6 |
---------------+-------------------+-----
Fighting       | 4 |  4.7
Armour         | 4 5 |  5.1
Long Blades    | 3 4 |  4.5
Dodging        | 1 |  1.8
Shields        | 4 |  4.2
Stealth        | |  0.2

Action                   |  1- 3 |  4- 6 || total
-------------------------+-------+-------++-------
Melee: Long sword        |    97 |   150 ||   247
Throw: Throwing net      |       |     2 ||     2
  Use: Scroll            |     2 |     2 ||     4
       Potion            |       |     1 ||     1
 Stab: Fleeing           |       |     1 ||     1
Armor: Scale mail        |    66 |    87 ||   153
Dodge: Dodged            |    54 |    60 ||   114
Block: Buckler           |    28 |    34 ||    62
